 Dungeon Crawl Stone Soup version 0.28.0-53-g5a82cb258f (webtiles) character file.

Game seed: 2371277658958859830

109 DildoBatman the Conjurer (level 5, -1/38 HPs)
             Began as a Formicid Conjurer on July 14, 2022.
             Shot with an arrow by a centaur (10 damage)
             ... on level 3 of the Dungeon.
             The game lasted 00:05:49 (2245 turns).

DildoBatman the Conjurer (Formicid Conjurer)        Turns: 2245, Time: 00:05:49

Health: -1/38      AC:  2    Str: 11    XL:     5   Next: 13%
Magic:  6/9        EV: 12    Int: 18    God:
Gold:   100        SH:  0    Dex: 11    Spells: 7/10 levels left

rFire   . . .      SeeInvis +   a - +0 long sword
rCold   . . .      Faith    .   (no shield)
rNeg    + . .      Spirit   .   k - +0 robe
rPois   .          Reflect  .   (helmet unavailable)
rElec   .          Harm     .   (no cloak)
rCorr   .          Rampage  .   (no gloves)
Will    .....                   (no boots)
Stlth   ++........              (no amulet)
HPRegen 0.12/turn               g - ring of positive energy
MPRegen 0.11/turn               (no ring)

@: no status effects
A: permanent stasis, dig shafts and tunnels, antennae 3, four strong arms
a: Dig, Shaft Self


You were on level 3 of the Dungeon.
You visited 1 branch of the dungeon, and saw 3 of its levels.

You collected 100 gold pieces.

Inventory:

Hand Weapons
 a - a +0 long sword (weapon)
 d - a +0 whip
 i - a +0 dagger
 q - a +0 spear
Missiles
 c - 96 stones
 u - 38 sling bullets
 v - 3 poisoned darts
Armour
 k - a +0 robe (worn)
Magical Staves
 b - a staff of earth
Jewellery
 g - a ring of positive energy (left hand)
Scrolls
 f - 2 scrolls of noise {unknown}
 h - a scroll of teleportation {unknown}
 m - a scroll of identify {unknown}
 n - a scroll of magic mapping {unknown}
 r - a scroll of fear {unknown}
 t - a scroll of blinking {unknown}
Potions
 e - 2 potions of might {unknown}
 j - a potion of degeneration {unknown}
 l - a potion of flight {unknown}
 o - a potion of attraction {unknown}
 p - a potion of haste {unknown}
 s - a potion of curing {unknown}


   Skills:
 * Level 2.1 Fighting
 * Level 2.1 Armour
 - Level 2.0 Dodging
 - Level 2.4 Stealth
 * Level 3.1 Spellcasting
 * Level 4.1 Conjurations


You had 7 spell levels left.
You knew the following spells:

 Your Spells              Type           Power      Damage    Failure   Level
a - Searing Ray           Conj           34%        2d5       4%          2
c - Magic Dart            Conj           68%        1d6       3%          1

Your spell library contained the following spells:

 Spells                   Type           Power      Damage    Failure   Level
 Dazzling Flash           Conj/Hex       20%        N/A       21%         3
 Fulminant Prism          Conj/Hex       5%         3d7       56%         4
 Iskenderun's Mystic Bla  Conj/Tloc      10%        2d4       56%         4


Dungeon Overview and Level Annotations

Branches:
Dungeon (3/15)

Altars:
Fedhas
Gozag

Annotations:
D:3 Ijyb


Innate Abilities, Weirdness & Mutations

You cannot be hasted, slowed, berserked, paralysed or teleported.
You can dig through walls and to a lower floor.
You have a pair of large antennae on your head. (SInv)
Your four strong arms can wield two-handed weapons with a shield.


Message History

v - 3 poisoned darts
Things that are here:
a +0 club; an orc corpse You see here a +0 club.
There is a blossoming altar of Fedhas here.
An orc comes into view. It is wielding a +0 club.
The orc moves out of view.
c - 96 stones (gained 19)
Things that are here:
a +0 club; a kobold skeleton No target in view!
A centaur comes into view.
Found an opulent altar of Gozag.
The centaur moves out of view.
An orc comes into view. It is wielding a +0 dagger.
There is an open door here.
The orc shouts!
You hear a shout! x2
The centaur wields a +0 shortbow.
The centaur shoots an arrow.
The arrow hits you!
You hear a shout!
The orc misses you.
Casting: Searing Ray (safe; 4% risk of failure)
Confirm with . or Enter, or press ? or * to list all spells.
Aiming: Searing Ray (safe; 4% risk of failure)
Press: ? - help, Shift-Dir - straight line, f - centaur
Aim: a centaur, wielding a +0 shortbow and quivering arrows (87% to hit)
The searing ray hits the orc!
You kill the orc!
The searing ray hits the centaur.
The centaur is lightly wounded. (Press . to maintain the ray.)
The centaur shoots an arrow.
The arrow hits you!
The searing ray hits the centaur.
The centaur is moderately wounded.
The centaur shoots an arrow.
The arrow hits you!
You die...

..###...### #...#.....
# #......# o.#
####.....## ..#
..........### ...#
##..........## ...#
#..###.......######..#
.........##..#.......#
.......#..#..#..@....#
....).###.#.<#..#)#..#
......# #....##.#c# #
......# ##...##.#.#
.......# ##..#..#.#
#.......# #....##.#
.#.##.#># #..).#...
....[....####..#._.
...##......##..#...


You could see a centaur.

Vanquished Creatures
  A gnoll (D:1)
  5 adders
  2 worms
  2 dart slugs (D:1)
  5 orcs (D:3)
  2 bats
  2 endoplasms
  3 giant cockroaches
  3 goblins
  3 hobgoblins
  A quokka (D:3)
  A ball python (D:2)
  4 frilled lizards
  6 kobolds
  4 rats
44 creatures vanquished.

Notes
Turn   | Place    | Note
-------+----------+-------------------------------------------
     0 | D:1      | DildoBatman the Formicid Conjurer began the quest for the
                  | Orb.
     0 | D:1      | Reached XP level 1. HP: 13/13 MP: 3/3
   417 | D:1      | Reached XP level 2. HP: 17/18 MP: 0/5
   420 | D:1      | Learned a level 2 spell: Searing Ray
   879 | D:1      | Reached skill level 1 in Armour
   881 | D:1      | Reached skill level 1 in Fighting
   881 | D:1      | Reached XP level 3. HP: 17/26 MP: 0/6
  1263 | D:2      | Reached skill level 4 in Conjurations
  1263 | D:2      | Reached XP level 4. HP: 33/33 MP: 3/8
  1862 | D:3      | Noticed Ijyb
  2109 | D:3      | Reached XP level 5. HP: 38/38 MP: 7/9
  2109 | D:3      | Found a blossoming altar of Fedhas.
  2239 | D:3      | Found an opulent altar of Gozag.
  2239 | D:3      | Noticed a centaur
  2245 | D:3      | Shot with an arrow by a centaur

Illustrated notes

Levels and vault maps discovered:
D:1:      kennysheep_arrival_forest, layout_basic,
          chequers_serial_rivers_large_a, st_stairs_6
D:2:      layout_basic
D:3:      layout_rooms, pdpol_wu_jian_five_deadly_venoms,
          mainiacjoe_overflow_cross_hatched,
          mainiacjoe_overflow_surrounded_room, kennysheep_generic_room_15,
          uniq_robin, uniq_ijyb

Skill      XL: |  1  2  3  4 |
---------------+-------------+-----
Dodging        | 2 |  2.0
Armour         | 1 2 |  2.1
Fighting       | 1 2 |  2.1
Conjurations   | 4 |  4.1
Spellcasting   | 3 |  3.1
Stealth        | |  2.4

Action                   |  1- 3 |  4- 6 || total
-------------------------+-------+-------++-------
Melee: Whip              |    12 |       ||    12
       Spear             |    17 |    15 ||    32
       Long sword        |       |     8 ||     8
 Cast: Magic Dart        |    36 |    11 ||    47
       Searing Ray       |     4 |     8 ||    12
 Abil: Dig               |     1 |       ||     1
 Stab: Sleeping          |     3 |     1 ||     4
Armor: Robe              |     3 |     4 ||     7
Dodge: Dodged            |    26 |    32 ||    58
